 Dungeon Crawl Stone Soup version 0.29-a0-330-g52719c12eb (webtiles) character file.

Game seed: 16305974632272375105

200 night the Grasshopper (level 5, -3/38 HPs)
             Began as a Demonspawn Warper on May 11, 2022.
             Was a Follower of Uskayaw.
             Slain by an iguana (8 damage)
             ... on level 5 of the Dungeon.
             The game lasted 00:06:38 (4301 turns).

night the Grasshopper (Demonspawn Warper)           Turns: 4301, Time: 00:06:39

Health: -3/38      AC:  3    Str: 14    XL:     5   Next: 48%
Magic:  5/8        EV: 11    Int: 14    God:    Uskayaw [*.....]
Gold:   220        SH:  0    Dex: 12    Spells: 6/8 levels left

rFire   + . .      SeeInvis .   d - +0 dagger (venom)
rCold   . . .      Faith    .   (no shield)
rNeg    . . .      Spirit   .   a - +0 leather armour
rPois   .          Reflect  .   (helmet restricted)
rElec   .          Harm     .   (no cloak)
rCorr   .          Rampage  .   (no gloves)
Will    +....      Clarity  +   (no boots)
Stlth   +.........              (no amulet)
HPRegen 0.12/turn               o - ring of protection from fire
MPRegen 0.11/turn               (no ring)

@: no status effects
A: powered by pain 1, weakness stinger 1, horns 1, clarity, strong-willed 1, no
potion heal 1
a: Renounce Religion, Stomp


You were on level 5 of the Dungeon.
You worshipped Uskayaw.
Uskayaw was noncommittal.
You visited 1 branch of the dungeon, and saw 5 of its levels.

You collected 220 gold pieces.

Inventory:

Hand Weapons
 d - a +0 dagger of venom (weapon)
Missiles
 c - 5 boomerangs of dispersal (quivered)
 f - 153 stones
 k - 3 silver javelins
Armour
 a - a +0 leather armour (worn)
Jewellery
 o - a ring of protection from fire (left hand)
Scrolls
 b - a scroll of blinking
 e - 2 scrolls of silence
 h - a scroll of enchant weapon
 j - 2 scrolls of teleportation
 l - a scroll of fear
 m - 2 scrolls of identify
Potions
 g - a potion of attraction
 n - a potion of flight
 p - a potion of haste


   Skills:
 - Level 2.0 Fighting
 - Level 0.8 Throwing
 - Level 0.8 Armour
 - Level 1.7 Dodging
 + Level 3.9 Unarmed Combat
 - Level 2.0 Spellcasting
 + Level 4.4 Translocations


You had 6 spell levels left.
You knew the following spells:

 Your Spells              Type           Power      Damage    Failure   Level
a - Blink                 Tloc           26%        N/A       7%          2

Your spell library contained the following spells:

 Spells                   Type           Power      Damage    Failure   Level
 Gell's Gravitas          Tloc           13%        N/A       14%         3
 Lesser Beckoning         Tloc           13%        N/A       14%         3
 Teleport Other           Tloc           13%        N/A       14%         3
 Beastly Appendage        Tmut           2%         N/A       28%         1
 Ensorcelled Hibernation  Hex/Ice        2%         N/A       41%         2
 Wereblood                Tmut           1%         N/A       41%         2
 Spider Form              Tmut/Pois      1%         N/A       65%         3
 Manifold Assault         Tloc           13%        N/A       78%         5
 Anguish                  Hex/Necr       0%         N/A       96%         4
 Conjure Ball Lightning   Conj/Air       0%         3x3d6     100%        6
 Dispersal                Tloc           6%         N/A       100%        6
 Discord                  Hex            0%         N/A       100%        8
 Disjunction              Tloc           6%         N/A       100%        8


Dungeon Overview and Level Annotations

Branches:
Dungeon (5/15)
 Temple: D:4-7

Altars:
Uskayaw
Xom


Innate Abilities, Weirdness & Mutations

You sometimes gain a little power by taking damage.
You have a small tail.
You have a pair of small horns on your head.
You possess an exceptional clarity of mind.
You are strong-willed. (Will+)
Potions are less effective at restoring your health.


Message History

The iguana bites you.
You hit the iguana.
The iguana is moderately wounded.
The iguana bites you!
You closely miss the iguana.
The iguana is moderately wounded.
The iguana barely misses you.
You hit the iguana.
You headbutt the iguana, but do no damage.
The iguana is moderately wounded.
The iguana bites you but does no damage.
You hit the iguana.
The iguana is heavily wounded.
The iguana completely misses you.
You hit the iguana. Your punch misses the iguana.
The iguana is heavily wounded.
The iguana bites you!
You can now pass through a line of other dancers.
You closely miss the iguana.
You headbutt the iguana, but do no damage.
The iguana is heavily wounded.
The iguana barely misses you.
You hit the iguana but do no damage.
The iguana is heavily wounded.
The iguana barely misses you.
Your +0 dagger of venom begins to drip with poison!
d - a +0 dagger of venom (weapon)
You hit the iguana.
The iguana is heavily wounded.
The iguana misses you.
You hit the iguana but do no damage.
The iguana is poisoned.
The iguana is heavily wounded.
The iguana bites you!
* * * LOW HITPOINT WARNING * * *
Okay, then.
You stomp with the beat, sending a shockwave through the revellers around you!
The iguana is almost dead.
You can no longer pass through a line of other dancers.
The iguana bites you!
You die...

#.. ......##. # #..
#....... #.#..
#.....#
....####.....#
#..........####
##.##..............
....(....(....######
##.#.#.####l.......
#.#..@.#######
#.#....# ...
#h#....##.##
#..........#
###....##......>
#....# (..##.#
#....# (.... ######
...##.. ...# .


You could see an iguana (very poisoned).

Vanquished Creatures
  A black bear (D:5)
  4 adders
  2 worms
  2 dart slugs (D:3)
  5 orcs (D:4)
  4 bats
  3 endoplasms
  A giant cockroach (D:4)
  10 goblins
  4 hobgoblins
  3 quokkas
  5 ball pythons
  5 frilled lizards
  4 kobolds
  6 rats
59 creatures vanquished.

Notes
Turn   | Place    | Note
-------+----------+-------------------------------------------
     0 | D:1      | night the Demonspawn Warper began the quest for the Orb.
     0 | D:1      | Reached XP level 1. HP: 16/16 MP: 3/3
   137 | D:1      | Reached skill level 2 in Unarmed Combat
   404 | D:1      | Reached skill level 3 in Translocations
   404 | D:1      | Gained mutation: You sometimes gain a little power by
                  | taking damage. [demonic ancestry]
   404 | D:1      | Reached XP level 2. HP: 22/22 MP: 5/5
   623 | D:1      | Found a faded altar of an unknown god.
   627 | D:1      | Prayed at the altar of an unknown god.
   627 | D:1      | Became a worshipper of Uskayaw the Reveller
   627 | D:1      | Reached * piety under Uskayaw
  1262 | D:2      | Gained mutation: Potions are less effective at restoring
                  | your health. [potion of mutation]
  1262 | D:2      | Gained mutation: You possess an exceptional clarity of
                  | mind. [potion of mutation]
  1262 | D:2      | Gained mutation: You are strong-willed. (Will+) [potion of
                  | mutation]
  1262 | D:2      | Gained mutation: You have a pair of small horns on your
                  | head. [potion of mutation]
  1265 | D:2      | HP: 3/22 [poisoned by an adder]
  1273 | D:2      | HP: 2/22 [poisoned by an adder]
  1286 | D:2      | Reached XP level 3. HP: 7/27 MP: 6/6
  1708 | D:2      | Reached ** piety under Uskayaw
  2060 | D:2      | You fall into a shaft and drop 2 floors!
  2060 | D:4      | Found a shimmering altar of Xom.
  2129 | D:4      | Learned a level 2 spell: Blink
  2413 | D:4      | Gained mutation: You have a small tail. [demonic ancestry]
  2413 | D:4      | Reached XP level 4. HP: 18/33 MP: 7/7
  3760 | D:4      | Reached *** piety under Uskayaw
  3764 | D:4      | Reached **** piety under Uskayaw
  3919 | D:4      | Reached skill level 4 in Translocations
  4214 | D:5      | Entered Level 5 of the Dungeon
  4221 | D:5      | Noticed a black bear
  4243 | D:5      | Killed a black bear
  4244 | D:5      | Reached XP level 5. HP: 38/38 MP: 3/8
  4300 | D:5      | HP: 4/38 [iguana (13)]
  4301 | D:5      | Slain by an iguana

Illustrated notes

Levels and vault maps discovered:
D:1:      lightli_arrival_flooded_house, layout_basic,
          shapermc_ecumenical_altar_mp_vishouse
D:2:      layout_basic, bh_walls_and_bars
D:3:      layout_basic, grunt_ministairs_14
D:4:      layout_rooms, lemuel_tele_altar
D:5:      layout_basic, minmay_temple_entry_hall

Skill      XL: |  1  2  3  4 |
---------------+-------------+-----
Unarmed Combat | 2 3 |  3.9
Translocations | 3 4 |  4.4
Fighting       | |  2.0
Throwing       | |  0.8
Armour         | |  0.8
Dodging        | |  1.7
Spellcasting   | |  2.0

Action                   |  1- 3 |  4- 6 || total
-------------------------+-------+-------++-------
Melee: Unarmed           |   152 |    88 ||   240
       Punch             |     5 |     1 ||     6
       Headbutt          |    12 |    14 ||    26
       Dagger            |     7 |     2 ||     9
       Tailslap          |       |     8 ||     8
Throw: Boomerang         |     2 |       ||     2
       Dart              |       |     5 ||     5
 Cast: Blink             |       |     1 ||     1
Invok: Stomp             |     1 |     1 ||     2
  Use: Potion            |     6 |       ||     6
       Scroll            |     6 |     2 ||     8
 Stab: Sleeping          |     1 |       ||     1
       Paralysed         |       |     1 ||     1
Armor: Leather armour    |    52 |    20 ||    72
Dodge: Dodged            |    79 |    63 ||   142

Table legend: (Time is in decaauts)
 A = Elapsed time spent in this place.
 B = Non-inter-level travel time spent in this place.
 C = Inter-level travel time spent in this place.
 D = Time resting spent in this place.
 E = Time spent auto-exploring this place.
 F = Levels seen in this place.
 G = Mean time per level.
                   A        B        C        D        E       F      G
               +--------+--------+--------+--------+--------+-----+--------+
         Total |   4272 |   4187 |     85 |    279 |   3335 |   5 |  854.4 |
       Dungeon |   4272 |   4187 |     85 |    279 |   3335 |   5 |  854.4 |
               +--------+--------+--------+--------+--------+-----+--------+

Top non-repeatable levels by time:
     D:1: 1154 daAuts
     D:2: 1050 daAuts
     D:3: 1000 daAuts
     D:4: 981 daAuts
     D:5: 85 daAuts
